 Dungeon Crawl Stone Soup version 0.24-a0-769-g368c164 (webtiles) character file.

Game seed: 9278242162347457380, levelgen mode: deterministic

24 2tousent the Ruffian (level 2, -4/23 HPs)
             Began as a Draconian Transmuter on Oct 4, 2019.
             Slain by a gnoll
             ... wielding a +0 spear
              (5 damage)
             ... on level 3 of the Dungeon.
             The game lasted 00:02:09 (1136 turns).

2tousent the Ruffian (Draconian Transmuter)         Turns: 1136, Time: 00:02:10

Health: -4/23      AC:  5    Str: 12    XL:     2   Next: 79%
Magic:  5/5        EV: 12    Int: 13    God:
Gold:   105        SH:  0    Dex: 11    Spells: 4/5 levels left

rFire    . . .     SeeInvis .     - Unarmed
rCold    . . .     Gourm    .   (no shield)
rNeg     . . .     Faith    .   (armour unavailable)
rPois    .         Spirit   .   (helmet restricted)
rElec    .         Reflect  .   (no cloak)
rCorr    .         Harm     .   e - +0 pair of gloves
MR       .....                  (boots currently unavailable)
Stlth    +.........             (no amulet)
HPRegen  0.07/turn              (no ring)
MPRegen  0.09/turn              (no ring)

@: appendage (expiring)
A: unfitting armour, talons 3, cold-blooded, AC +4
a: End Transformation


You were on level 3 of the Dungeon.
You were not hungry.
You had grown temporary talons.
You visited 1 branch of the dungeon, and saw 3 of its levels.

You collected 105 gold pieces.

Inventory:

Missiles
 a - 12 arrows
 m - a throwing net (quivered)
Armour
 e - a +0 pair of gloves (worn)
Scrolls
 b - 6 scrolls of identify {unknown}
 d - a scroll of remove curse {unknown}
 f - a scroll of teleportation {unknown}
 h - a scroll of magic mapping {unknown}
 j - a scroll of enchant armour {unknown}
Potions
 g - a potion of haste {unknown}
 k - a potion of curing {unknown}
Comestibles
 c - 4 rations
 l - 4 chunks of flesh


   Skills:
 - Level 1.1 Fighting
 - Level 1.7 Dodging
 * Level 3.4 Unarmed Combat
 + Level 2.2 Spellcasting
 * Level 2.6 Transmutations


You had 4 spell levels left.
You knew the following spells:

 Your Spells              Type           Power        Failure   Level  Hunger
a - Beastly Appendage     Tmut           #.....       9%          1    ##.....

Your spell library contained the following spells:

 Spells                   Type           Power        Failure   Level  Hunger
 Sticks to Snakes         Tmut           #.......     13%         2    ###....
 Spider Form              Tmut/Pois      #.........   41%         3    ####...
 Ice Form                 Ice/Tmut       #.......     82%         4    #####..
 Blade Hands              Tmut           #.........   93%         5    ######.


Dungeon Overview and Level Annotations

Branches:
Dungeon (2/15)

Altars:
Makhleb
Sif Muna


Innate Abilities, Weirdness & Mutations

Your plain brown scales are hard. (AC +4)
You cannot fit into any form of body armour.
You are cold-blooded and may be slowed by cold attacks.
You have claws for feet.


Message History

Some of the chunks of flesh in your inventory have rotted away.
You closely miss the gnoll. The gnoll closely misses you. The gnoll hits you.
You hit the gnoll. You tail-slap the gnoll.
The gnoll is heavily wounded.
The gnoll hits you from afar with a +0 spear.
The gnoll closely misses you.
You hit the gnoll. Your kick misses the gnoll.
The gnoll is almost dead.
The gnoll hits you from afar with a +0 spear.
* * * LOW HITPOINT WARNING * * *
The gnoll misses you.
You completely miss the gnoll. Your kick misses the gnoll.
The gnoll is almost dead.
The gnoll hits you from afar with a +0 spear.
* * * LOW HITPOINT WARNING * * *
The gnoll hits you but does no damage.
It was a potion of magic.
Magic courses through your body.
Your transformation is almost over.
The gnoll hits you from afar with a +0 spear.
You die...

#####
##.⌠_##
#_....#
###..###
#...gg@#
###.g###
#.....
###.g#
....
##..#
.... 8..


You could see 3 gnolls.

Vanquished Creatures
  A worm (D:2)
  A dart slug (D:2)
  A leopard gecko (D:1)
  A bat (D:1)
  A giant cockroach (D:2)
  A goblin (D:2)
  A hobgoblin (D:1)
  3 jackals (D:2)
  A ball python (D:2)
  A frilled lizard (D:1)
  4 kobolds
  A rat (D:1)
17 creatures vanquished.

Notes
Turn   | Place    | Note
-------+----------+-------------------------------------------
     0 | D:1      | 2tousent the Draconian Transmuter began the quest for the
                  | Orb.
     0 | D:1      | Reached XP level 1. HP: 16/16 MP: 3/3
   510 | D:1      | Reached XP level 2. HP: 23/23 MP: 5/5
  1127 | D:2      | You fall into a shaft and drop 1 floor!
  1127 | D:3      | Found a burning altar of Makhleb.
  1127 | D:3      | Found a shimmering blue altar of Sif Muna.
  1135 | D:3      | HP: 1/23 [gnoll/+0 spear (4)]
  1136 | D:3      | Slain by a gnoll

Levels and vault maps discovered:
D:1:      elethiomel_arrival_quiet, layout_basic, serial_forest,
          infiniplex_forest_straight_1, infiniplex_forest_lined_2,
          infiniplex_forest_clump_C, infiniplex_forest_lined_ring
D:2:      layout_loops_ring, fedhas_ov_isle_minmay,
          gammafunk_temple_overflow_forgotten
D:3:      layout_loops_corners, minitemple, gup_sewer_entry_bowl

Action                   || total
-------------------------++-------
Melee: Unarmed           ||    62
       Tailslap          ||     8
       Kick              ||     3
 Cast: Beastly Appendage ||     3
  Use: Potion            ||     1
 Stab: Sleeping          ||     3
  Eat: Chunk             ||     1
Armor: Skin              ||    14
Dodge: Dodged            ||    37

Table legend:
 A = Non-vault XP
 B = Vault XP
 C = Vault XP percentage of total XP
 D = Non-vault monster count
 E = Vault monster count
 F = Vault count percentage of total count
                 A         B        C        D         E       F
            +---------+---------+-------+---------+---------+-------
      Total |      35 |       0 |   0.0 |      17 |       0 |   0.0
            +---------+---------+-------+---------+---------+-------
        D:1 |      12 |       0 |   0.0 |       7 |       0 |   0.0
        D:2 |      23 |       0 |   0.0 |      10 |       0 |   0.0
            +---------+---------+-------+---------+---------+-------
